 Dungeon Crawl Stone Soup version 0.26-a0-812-g31a745ddcd (webtiles) character file.

Game seed: 2817604166609479454

588 mkm the Stinger (level 7, -5/36 HPs)
             Began as a Gargoyle Venom Mage on Nov 25, 2020.
             Was a Follower of Vehumet.
             Killed by divine providence
             ... invoked by an orc priest
              (14 damage)
             ... on level 5 of the Dungeon.
             The game lasted 00:35:56 (6280 turns).

mkm the Stinger (Gargoyle Venom Mage)               Turns: 6280, Time: 00:35:57

Health: -5/36      AC:  3    Str: 12      XL:     7   Next: 38%
Magic:  0/13       EV: 12    Int: 16 (17) God:    Vehumet [*.....]
Gold:   166        SH:  5    Dex: 16      Spells: 10/14 levels left

rFire    . . .     SeeInvis .   j - +1 mace
rCold    . . .     Faith    .   (no shield)
rNeg     + . .     Spirit   .   p - +1 robe of Carved New Discoveries {rElec rCorr}
rPois    ∞         Reflect  +   (no helmet)
rElec    +         Harm     .   (no cloak)
rCorr    +         Rampage  .   (no gloves)
MR       .....                  (no boots)
Stlth    ++........             c - amulet of reflection
HPRegen  0.12/turn              b - +6 ring of dexterity
MPRegen  0.13/turn              (no ring)

@: corroded
A: negative energy resistance 1, electricity resistance, unbreathing,
petrification resistance, rot immunity, AC +4
a: Renounce Religion


You were on level 5 of the Dungeon.
You worshipped Vehumet.
Vehumet was aware of your devotion.
You visited 1 branch of the dungeon, and saw 6 of its levels.

You collected 166 gold pieces.

Inventory:

Hand Weapons
 j - a +1 mace (weapon)
Missiles
 d - 31 stones (quivered)
Armour
 k - a +1 leather armour
 p - the +1 robe of Carved New Discoveries (worn) {rElec rCorr}
   (You found it on level 4 of the Dungeon)

   It insulates you from electricity.
   It provides partial protection from all sources of acid and corrosion.
Jewellery
 b - a +6 ring of dexterity (left hand)
 c - an amulet of reflection (around neck)
Wands
 a - a wand of flame (31)
Scrolls
 g - 3 scrolls of identify
 h - a scroll of enchant weapon
 l - 3 scrolls of remove curse
 o - a scroll of fear {unknown}
Potions
 e - a potion of flight
 f - a potion of haste
 i - 3 potions of curing


   Skills:
 + Level 0.3 Fighting
   Level 0.2(0.8) Axes
 + Level 1.4 Maces & Flails
 + Level 1.8 Armour
 + Level 1.9 Dodging
 + Level 2.5 Stealth
 + Level 4.4 Spellcasting
 + Level 2.3 Transmutations
 + Level 1.6 Air Magic
 + Level 1.5 Earth Magic
 + Level 4.4 Poison Magic


You had 10 spell levels left.
You knew the following spells:

 Your Spells              Type           Power        Failure   Level
a - Sting                 Tmut/Pois      ##..         4%          1
b - Poisonous Vapours     Pois/Air       ##....       7%          2
c - Sandblast             Erth           #.....       9%          1

Your spell library contained the following spells:

 Spells                   Type           Power        Failure   Level
 Ignite Poison            Fire/Tmut/Pois ##......     19%         3
 Mephitic Cloud           Conj/Pois/Air  ##......     22%         3
 Olgreb's Toxic Radiance  Pois           ###.....     26%         4


Dungeon Overview and Level Annotations

Branches:
Dungeon (6/15)
 Temple: D:4-7

Altars:
Cheibriados
Elyvilon
Ru
Trog
Uskayaw
Vehumet
Yredelemnul
The Shining One


Innate Abilities, Weirdness & Mutations

You are resistant to torment.
Your stone body is resilient. (AC +4)
You are immune to poison.
You resist negative energy. (rN+)
You are resistant to electric shocks. (rElec)
You can survive without breathing.
You are immune to petrification.
You are immune to rotting.


Message History

You hit the hound skeleton but do no damage.
The hound skeleton is lightly damaged.
The hound skeleton barely misses you.
The orc priest hits you from afar with a +0 trident.
The hound skeleton closely misses you.
Casting: Poisonous Vapours (safe; 7% risk of failure)
Confirm with . or Enter, or press ? or * to list all spells.
You don't have enough magic to cast that spell.
Casting: Poisonous Vapours (safe; 7% risk of failure)
Confirm with . or Enter, or press ? or * to list all spells.
Press: ? - help, Shift-Dir - straight line, f - hound skeleton, p - orc priest
Aim: a hound skeleton (lightly damaged)
The blast of sand hits the hound skeleton.
The hound skeleton is moderately damaged.
d - 31 stones The hound skeleton bites you.
* * * LOW HITPOINT WARNING * * *
The orc priest mumbles some strange prayers to Beogh against you.
Beogh smites you!
You die...

#.. ....... #.#
.......
###.###...#...
.####.........J..J
........)...o...##
.####.#o####?...##
# #o# ...........
#Z# #....#.... #@#
........# #.# ..
....# ######.# #
... # #......# #.#
# #.###### ##.# #
#.# ##..### #.#
#.....) #.#
########.##### #.#
#........## ##


You could see an orc priest (poisoned), an orc and a hound skeleton.

Vanquished Creatures
  An ogre (D:3)
  A centaur (D:5)
  A jelly (D:5)
  A bullfrog skeleton (D:5)
  2 hounds
  An orc wizard (D:5)
  An iguana (D:4)
  A worker ant (D:4)
  Terence (D:3)
  6 gnolls (D:4)
  3 adders
  A shadow imp (D:5)
  3 dart slugs
  A leopard gecko (D:1)
  14 orcs
  A ball python (D:4)
  4 giant cockroaches
  11 goblins
  13 hobgoblins
  6 jackals
  2 quokkas
  8 bats
  7 frilled lizards
  12 kobolds
  A quokka skeleton (D:5)
  7 rats
110 creatures vanquished.

Vanquished Creatures (others)
  A plant (D:4)
1 creature vanquished.

Grand Total: 111 creatures vanquished

Notes
Turn   | Place    | Note
-------+----------+-------------------------------------------
     0 | D:1      | mkm the Gargoyle Venom Mage began the quest for the Orb.
     0 | D:1      | Reached XP level 1. HP: 10/10 MP: 3/3
   282 | D:1      | Reached XP level 2. HP: 14/15 MP: 1/5
   594 | D:1      | Learned a level 2 spell: Poisonous Vapours
   874 | D:1      | Reached skill level 1 in Transmutations
   936 | D:1      | Reached XP level 3. HP: 19/19 MP: 4/6
  1538 | D:2      | Found a white marble altar of Elyvilon.
  1979 | D:2      | Found a snail-covered altar of Cheibriados.
  2073 | D:2      | Found a hide-covered altar of Uskayaw.
  2407 | D:3      | Found a bloodstained altar of Trog.
  2448 | D:3      | Found a basalt altar of Yredelemnul.
  2572 | D:3      | Found a glowing golden altar of the Shining One.
  2653 | D:3      | Reached XP level 4. HP: 24/24 MP: 4/7
  2700 | D:3      | Noticed an ogre
  2708 | D:3      | Killed an ogre
  2708 | D:3      | Reached skill level 1 in Armour
  2708 | D:3      | Reached skill level 1 in Air Magic
  2708 | D:3      | Reached XP level 5. HP: 28/28 MP: 2/9
  2830 | D:3      | Found a radiant altar of Vehumet.
  2839 | D:3      | Became a worshipper of Vehumet
  2975 | D:3      | Noticed Terence
  2982 | D:3      | Killed Terence
  3646 | D:4      | Reached XP level 6. HP: 26/32 MP: 7/11
  3822 | D:4      | Reached skill level 1 in Maces & Flails
  4850 | D:4      | Reached * piety under Vehumet
  4850 | D:4      | Offered knowledge of Sandblast by Vehumet.
  5130 | D:4      | Learned a level 1 spell: Sandblast
  5239 | D:4      | Found a bloodstained altar of Trog.
  5251 | D:4      | Got a thick robe
  5262 | D:4      | Identified the +1 robe of Carved New Discoveries {rElec
                  | rCorr} (You found it on level 4 of the Dungeon)
  5454 | D:5      | Entered Level 5 of the Dungeon
  5595 | D:5      | Noticed an ice beast
  5595 | D:5      | Noticed an ice beast
  5610 | D:5      | Reached XP level 7. HP: 25/36 MP: 1/12
  5618 | D:5      | HP: 1/36 [ice beast (12)]
  5633 | D:6      | Found a radiant altar of Vehumet.
  6039 | D:5      | Found a sacrificial altar of Ru.
  6265 | D:5      | Reached skill level 1 in Earth Magic
  6280 | D:5      | Killed from afar by an orc priest

Illustrated notes

Levels and vault maps discovered:
D:1:      onia_arrival_pyramid, layout_loops_corners
D:2:      layout_basic, lemuel_round_altar, lemuel_crystal_altar,
          lemuel_crystal_altar
D:3:      wad_pebble_path, layout_loops_ring, old_standard_altar,
          fiery_altar_vehumet, nicolae_tso_carved_into_rock,
          nicolae_overflow_hidden_temple, chequers_serial_rivers_marsh,
          uniq_terence
D:4:      corexii_shantytown, layout_basic, bloody_trog
D:5:      layout_loops_ring, lemuel_crystal_altar, gammafunk_ghost_necromancy,
          minmay_misc_feat_alley, hangedman_decor_riveting, skrybe_limestone_x
D:6:      layout_loops_ring, tgw_xom, zin_academy,
          minmay_temple_entry_proselytizer, basic_altar,
          minmay_chambers_of_fives, uniq_duvessa, uniq_eustachio

Skill      XL: |  1  2  3  4  5  6  7 |
---------------+----------------------+-----
Transmutations | 1 2 |  2.3
Armour         | 1 |  1.8
Spellcasting   | 3 4 |  4.4
Air Magic      | 1 |  1.6
Poison Magic   | 4 |  4.4
Maces & Flails | 1 |  1.4
Earth Magic    | 1 |  1.5
Fighting       | |  0.3
Axes           | |  0.2
Dodging        | |  1.9
Stealth        | |  2.5

Action                   |  1- 3 |  4- 6 |  7- 9 || total
-------------------------+-------+-------+-------++-------
Melee: Hand axe          |    16 |       |       ||    16
       Mace              |    28 |    58 |    21 ||   107
 Cast: Sting             |    39 |    38 |     1 ||    78
       Poisonous Vapours |    16 |    45 |     8 ||    69
       Sandblast         |       |    11 |     7 ||    18
  Use: Scroll            |     5 |     2 |     3 ||    10
       Potion            |     2 |     6 |     3 ||    11
Armor: Ring mail         |     8 |       |       ||     8
       Robe              |     1 |     5 |    21 ||    27
       Leather armour    |    13 |    32 |       ||    45
Dodge: Dodged            |    51 |    75 |    30 ||   156
Block: Other             |       |       |     6 ||     6

Table legend: (Time is in decaauts)
 A = Elapsed time spent in this place.
 B = Non-inter-level travel time spent in this place.
 C = Inter-level travel time spent in this place.
 D = Time resting spent in this place.
 E = Time spent auto-exploring this place.
 F = Levels seen in this place.
 G = Mean time per level.
                   A        B        C        D        E       F      G
               +--------+--------+--------+--------+--------+-----+--------+
         Total |   6289 |   6203 |     86 |   1201 |   4028 |   6 | 1048.2 |
       Dungeon |   6289 |   6203 |     86 |   1201 |   4028 |   6 | 1048.2 |
               +--------+--------+--------+--------+--------+-----+--------+

Top non-repeatable levels by time:
     D:4: 2002 daAuts
     D:1: 1386 daAuts
     D:3: 1142 daAuts
     D:2: 937 daAuts
     D:5: 438 daAuts
     D:6: 381 daAuts
